 Dungeon Crawl Stone Soup version 0.18-a0-1789-gbeff17f (webtiles) character file.

53 macross the Conjurer (level 3, 0/26 HPs)
             Began as a Demigod Conjurer on Apr 21, 2016.
             Slain by a gnoll (4 damage)
             ... on level 2 of the Dungeon.
             The game lasted 00:09:36 (2100 turns).

macross the Conjurer (Demigod Conjurer)             Turns: 2100, Time: 00:09:37

Health: 0/26       AC:  3    Str: 11    XL:     3   Next: 41%
Magic:  4/9        EV: 13    Int: 19    God:
Gold:   90         SH:  0    Dex: 18    Spells: 1 memorised, 5 levels left

rFire  . . .     SeeInvis .     l - +0 short sword
rCold  . . .     Gourm    .     a - +0 robe
rNeg   + . .     Faith    .     (no shield)
rPois  .         Spirit   .     (no helmet)
rElec  .         Dismiss  .     p - +0 cloak
rCorr  .         Reflect  .     (no gloves)
SustAt +         Harm     .     (no boots)
MR     .....                    (no amulet)
Stlth  ++........               (no ring)
                                j - ring of positive energy

@: not resistant to hostile enchantments, unstealthy
A: high mp 1, sustain attributes
a: no special abilities


You were on level 2 of the Dungeon.
You were not hungry.

You visited 1 branch of the dungeon, and saw 2 of its levels.

You collected 90 gold pieces.

Inventory:

Hand Weapons
 l - a +0 short sword (weapon)
 o - a +1 spear of flaming
 r - a +1 dagger of venom
Armour
 a - a +0 robe (worn)
 d - a +0 robe
 p - a +0 cloak (worn)
Jewellery
 j - a ring of positive energy (left hand)
Scrolls
 e - a scroll of random uselessness {unknown}
 h - a scroll of amnesia {unknown}
 i - a scroll of remove curse {unknown}
 k - a scroll of teleportation {unknown}
 m - 2 scrolls of magic mapping {unknown}
 n - a scroll of blinking {unknown}
 q - a scroll of fear {unknown}
Potions
 f - a potion of agility {unknown}
Books
 b - a book of Conjurations

   Spells                             Type                      Level
   a - Magic Dart                     Conjuration                  1
   b - Searing Ray                    Conjuration                  2
   c - Dazzling Spray                 Conjuration/Hexes            3
   d - Fulminant Prism                Conjuration/Hexes            4
   e - Iskenderun's Mystic Blast      Conjuration                  4
   f - Iskenderun's Battlesphere      Conjuration/Charms           5
Comestibles
 c - 2 bread rations
 g - a fruit


   Skills:
 + Level 0.1 Fighting
 + Level 2.0 Dodging
 + Level 1.8 Stealth
 + Level 2.3 Spellcasting
 + Level 4.3 Conjurations


You had 5 spell levels left.
You knew the following spells:

 Your Spells              Type           Power        Failure   Level  Hunger
a - Magic Dart            Conj           ###.         3%          1    #......


Dungeon Overview and Level Annotations

Branches:
Dungeon (2/15)


Innate Abilities, Weirdness & Mutations

You have an increased reservoir of magic (+10% MP).
Your attributes are resistant to harm.


Message History

The gnoll is moderately wounded.
You completely miss the gnoll.
The gnoll is moderately wounded.
The gnoll hits you. The gnoll closely misses you.
You hit the gnoll.
The gnoll is heavily wounded.
The gnoll hits you but does no damage. The gnoll barely misses you.
You hit the gnoll but do no damage.
The gnoll is heavily wounded.
The gnoll barely misses you. x2
You hit the gnoll.
The gnoll is severely wounded.
The gnoll hits you.
* * * LOW HITPOINT WARNING * * *
The gnoll hits you.
* * * LOW HITPOINT WARNING * * *
You hit the gnoll.
The gnoll is almost dead.
The gnoll hits you.
You die...

#.##.##.# ...
#.##.##.######g#
#.##.##........####
#.##.##..##.g.....#
#........##.####..#
#######.)....g.g#.###.# #
#.......##.##........# ##
#.####..##g##....#..## #..
#.......##@g)......#.###.#
...)..#..#####.###.....#.#
##.##.#........# ####.#.#
#.##.......#### #...##
#.......##.### #...#
#............# #...#
####.#####.#.# #...#####
#. #.#.# #........ #.
..#.######...##.##


You could see 2 gnolls.

Vanquished Creatures
  A gnoll (D:2)
  An adder (D:2)
  A dart slug (D:2)
  2 giant cockroaches
  3 goblins
  9 hobgoblins
  A quokka (D:2)
  A ball python (D:2)
  A giant newt (D:1)
  5 kobolds
  6 rats
31 creatures vanquished.

Notes
Turn   | Place    | Note
--------------------------------------------------------------
     0 | D:1      | macross the Demigod Conjurer began the quest for the Orb.
     0 | D:1      | Reached XP level 1. HP: 14/14 MP: 5/5
  1038 | D:2      | Reached XP level 2. HP: 20/20 MP: 1/7
  1203 | D:2      | Reached skill level 4 in Conjurations
  1462 | D:1      | Reached XP level 3. HP: 23/26 MP: 5/8
  2100 | D:2      | Slain by a gnoll

Vault maps used:
D:1:      dpeg_arrival_round_a
D:2:      nicolae_tso_swordbearing_angel, grunt_ministairs_9, uniq_robin

Skill      XL: |  1  2 |
---------------+-------+-----
Spellcasting   | 2 |  2.3
Conjurations   | 4 |  4.3
Dodging        | 2 |  2.0
Fighting       | |  0.1
Stealth        | |  1.8

Action                   || total
-------------------------++-------
Melee: Unarmed           ||    22
       Short sword       ||    10
       Spear             ||    14
 Cast: Magic Dart        ||    68
  Eat: Fruit             ||     2
       Meat ration       ||     1
       Beef jerky        ||     1
Armor: Robe              ||     6
Dodge: Dodged            ||    43
